 Dungeon Crawl Stone Soup version 0.17-a0-1850-g688e747 (webtiles) character file.

172 derrpe the Digger (level 5, 0/35 HPs)
             Began as a Formicid Earth Elementalist on Sept 19, 2015.
             Was a Follower of Fedhas.
             Slain by Pikel
             ... wielding a +2 whip of freezing
              (2 damage)
             ... on level 3 of the Dungeon.
             The game lasted 00:07:14 (3693 turns).

derrpe the Digger (Formicid Earth Elementalist)     Turns: 3693, Time: 00:07:15

Health: 0/35       AC:  6    Str: 13    XL:     5   Next: 82%
Magic:  0/8        EV: 11    Int: 15    God:    Fedhas [*.....]
Gold:   141        SH:  0    Dex: 11    Spells: 1 memorised, 7 levels left

rFire  . . .     SeeInvis +     a - 55 stones
rCold  + . .     Clarity  .     u - +1 leather armour {rC+}
rNeg   . . .     SustAt   .     (no shield)
rPois  .         Gourm    .     (helmet unavailable)
rElec  .         Spirit   .     (no cloak)
rCorr  .         Warding  .     i - +0 pair of gloves (curse)
rMut   .         Stasis   +     b - +0 pair of boots
MR     .....                    (no amulet)
Stlth  ++........               (no ring)
                                (no ring)

@: not resistant to hostile enchantments, unstealthy
A: permanent stasis, dig shafts and tunnels, four strong arms, antennae 3
a: Dig, Shaft Self, Evolution, Renounce Religion


You were on level 3 of the Dungeon.
You worshipped Fedhas.
Fedhas was aware of your devotion.
You were not hungry.

You visited 1 branch of the dungeon, and saw 4 of its levels.

You collected 141 gold pieces.

Inventory:

Hand weapons
 w - a +0 spear of venom
Missiles
 a - 55 stones (in hand)
Armour
 b - a +0 pair of boots (worn)
 i - a cursed +0 pair of gloves (worn)
 u - a +1 leather armour of cold resistance (worn)
Scrolls
 e - 4 scrolls of identify {unknown}
 g - a scroll of recharging {unknown}
 j - a scroll of fog {unknown}
 k - 2 scrolls of remove curse {unknown}
 m - a scroll of enchant weapon {unknown}
 n - a scroll of teleportation {unknown}
 o - a scroll of enchant armour {unknown}
Potions
 h - 7 potions of curing {unknown}
 l - a potion of degeneration {unknown}
 p - a potion of ambrosia {unknown}
 r - 2 potions of agility
 s - 2 potions of haste {unknown}
 t - a potion of invisibility {unknown}
 v - a potion of heal wounds {unknown}
Books
 c - a book of Geomancy

   Spells                             Type                      Level
   a - Sandblast                      Earth                        1
   b - Stoneskin                      Transmutation/Earth          2
   c - Passwall                       Transmutation/Earth          3
   d - Stone Arrow                    Conjuration/Earth            3
   e - Petrify                        Transmutation/Earth          4
   f - Lee's Rapid Deconstruction     Earth                        5
Comestibles
 d - 4 bread rations {@e1}
 f - a meat ration {@e2}
 q - 3 chunks of flesh {@w0}


   Skills:
 - Level 1.7 Dodging
 - Level 2.4 Stealth
 - Level 2.1 Spellcasting
   Level 1.1 Transmutations
 + Level 7.2 Earth Magic


You had 7 spell levels left.
You knew the following spells:

 Your Spells              Type           Power        Failure   Level  Hunger
a - Sandblast             Erth           ###...       1%          1    #......


Dungeon Overview and Level Annotations

Branches:
Dungeon (4/15)
 Temple: D:4-7

Altars:
Fedhas
Makhleb

Annotations:
D:3 Pikel


Innate Abilities, Weirdness & Mutations

You are under a permanent stasis effect.
You can dig through walls and to a lower floor.
Your four strong arms can wield two-handed weapons with a shield.
You have a pair of large antennae on your head (SInv).


Message History

Confirm with . or Enter, or press ? or * to list all spells.
Aiming: Sandblast
Press: ? - help, Shift-Dir - straight line, f/p - Pikel
Aim: Pikel, wielding a whip of freezing and wearing a robe (moderately wounded)
The rocky blast hits Pikel.
Pikel is moderately wounded.
Pikel says, "You'll feel the lick of my whip!"
Pikel hits you with a whip of freezing. Pikel freezes you.
Casting: Sandblast
Confirm with . or Enter, or press ? or * to list all spells.
Aiming: Sandblast
Press: ? - help, Shift-Dir - straight line, f/p - Pikel
Aim: Pikel, wielding a whip of freezing and wearing a robe (moderately wounded)
The rocky blast hits Pikel.
Pikel is heavily wounded.
Pikel hits you with a whip of freezing!
* * * LOW HITPOINT WARNING * * *
Pikel freezes you.
You die...
Fedhas appreciates your contribution to the ecosystem.

############ #..........#
#####..........####
#.............)...#
#....#######......# #### ###
#....# #......### #...
#.###....### #........# #...
#...'......#####........###...
#.###....#.>K@[..........#....
#.# #....#..############.#....
#.# #....#....................
#.# ######..#############..###
#.# #..# #..# #[# #..#
##########..# #.# #..#
#...........# #.# #..#
#...........# #.# #..#
#...........#


You could see Pikel.

Vanquished Creatures
  A slave (D:3)
  4 gnolls (D:3)
  7 adders
  An adder skeleton (D:3)
  A worm (D:3)
  2 giant geckos
  An orc (D:3)
  4 ball pythons
  2 giant cockroaches (D:1)
  5 goblins
  9 hobgoblins
  2 jackals (D:1)
  A quokka (D:3)
  3 bats
  7 giant newts
  9 kobolds
  7 rats
66 creatures vanquished.

Vanquished Creatures (others)
  6 toadstools (D:3)
6 creatures vanquished.

Grand Total: 72 creatures vanquished

Notes
Turn   | Place    | Note
--------------------------------------------------------------
     0 | D:1      | derrpe the Formicid Earth Elementalist began the quest for the Orb.
     0 | D:1      | Reached XP level 1. HP: 13/13 MP: 3/3
   153 | D:1      | Reached skill level 4 in Earth Magic
   340 | D:1      | Reached XP level 2. HP: 19/19 MP: 3/5
   948 | D:1      | Reached XP level 3. HP: 15/24 MP: 0/6
  1298 | D:2      | Reached skill level 5 in Earth Magic
  1483 | D:2      | Reached XP level 4. HP: 30/30 MP: 3/7
  1763 | D:2      | Reached skill level 6 in Earth Magic
  2233 | D:3      | Found a faded altar to an unknown god.
  2252 | D:3      | Became a worshipper of Fedhas Madash
  2252 | D:3      | Acquired Fedhas's first power
  2352 | D:3      | Reached XP level 5. HP: 33/35 MP: 0/8
  2745 | D:3      | Found a burning altar of Makhleb.
  3236 | D:3      | Reached skill level 7 in Earth Magic
  3421 | D:4      | Noticed a slave
  3421 | D:4      | Noticed a slave
  3421 | D:4      | Noticed a slave
  3423 | D:4      | Noticed Pikel
  3429 | D:4      | Noticed a slave
  3455 | D:3      | Killed a slave
  3693 | D:3      | Slain by Pikel

Vault maps used:
D:1:      lightli_arrival_windingriver, serial_glass, glass_columns_c,
          glass_columns_b, glass_columns_a, glass_columns_b
D:2:      minmay_misc_feat_cross
D:3:      ecumenical_altar_2, bloody_makhleb
D:4:      kennysheep_goblin_castle, kennysheep_mini_moat,
          nicolae_tso_carved_into_rock, first_bread, grunt_decor_one_mirror,
          uniq_pikel

Action                   |  1- 3 |  4- 6 || total
-------------------------+-------+-------++-------
Melee: Short sword       |    20 |     1 ||    21
       Whip              |       |    11 ||    11
       Spear             |       |    29 ||    29
 Cast: Sandblast         |    59 |    78 ||   137
  Eat: Chunk             |     3 |     8 ||    11
